AoeStats
← Kırmızı Balık

Black Forest

509451004Analyzed
3v3 RM · 5d ago on Sep 26, 2026· 43m 25s· 6 players
Game mode
Random Map
Map size
Normal (6 player)
Population
200
Speed
Normal
Resources
Standard
Victory
Conquest
Starting age
Dark Age
Ending age
Imperial Age
RankedLock teamsTeams togetherTeam positionsShared explorationLock speedFull tech treeHidden civsTurbo modeCheats
Victory
Defeat
🇦🇹 Ethiopians · Austria
1315
+16
🇦🇹 Berbers · Austria
1302
+17
🇮🇹 Malians · Italy
1292
+17
🇹🇷 Ethiopians · Türkiye
1408
-20
1300
-16
🇹🇷 Bohemians · Türkiye
1258
-14
Meuz94
0:56 Loom
11:18 Feudal Age
14:51 Castle Age
13:08 Double-Bit Axe
14:32 Fletching
16:17 Wheelbarrow
15:40 Bodkin Arrow
16:07 Crossbowman
16:34 Crossbowman
20:51 Ballistics
23:05 Padded Archer Armor
23:46 Thumb Ring
26:55 Town Watch
27:45 Wheelbarrow
28:42 Padded Archer Armor
30:29 Horse Collar
36:29 Hand Cart
38:49 Imperial Age
37:33 Leather Archer Armor
38:30 Gold Mining
38:32 Stone Mining
39:29 Bracer
40:37 Chemistry
40:11 Arbalester
43:10 Ring Archer Armor
43:00 Onager
Radonlad
1:25 Loom
9:48 Feudal Age
10:35 Double-Bit Axe
13:44 Horse Collar
22:06 Castle Age
20:12 Stone Mining
20:35 Gold Mining
21:08 Scale Barding Armor
21:21 Bloodlines
21:57 Forging
23:40 Wheelbarrow
22:51 Town Watch
23:37 Bow Saw
23:31 Husbandry
24:19 Heavy Plow
25:51 Gold Shaft Mining
26:02 Hand Cart
28:12 Town Patrol
29:46 Chain Barding Armor
32:09 Iron Casting
34:22 Imperial Age
35:21 Cavalier
38:26 Chemistry
42:18 Plate Barding Armor
42:44 Blast Furnace
42:58 Fletching
42:34 Elite Camel Archer
43:16 Padded Archer Armor
jujueatsham
9:21 Loom
11:24 Feudal Age
15:15 Castle Age
14:09 Double-Bit Axe
17:43 Horse Collar
21:17 Wheelbarrow
23:25 Bow Saw
24:57 Hand Cart
25:41 Heavy Plow
26:55 Gold Mining
29:34 Scale Barding Armor
29:42 Forging
29:49 Husbandry
32:34 Imperial Age
29:57 Town Watch
30:24 Stone Mining
30:57 Bloodlines
31:51 Ballistics
31:52 Chain Barding Armor
32:08 Iron Casting
34:22 Gold Shaft Mining
33:16 Cavalier
34:36 Plate Barding Armor
34:24 Conscription
34:16 Farimba
34:52 Light Cavalry
39:20 Squires
38:41 Man-at-Arms
39:07 Arson
39:49 Long Swordsman
40:32 Scale Mail Armor
40:24 Fletching
40:08 Elite Gbeto
40:18 Elite Gbeto
41:55 Two-Handed Swordsman
43:21 Chain Mail Armor
42:33 Champion
MrBanana
0:38 Loom
11:28 Feudal Age
14:26 Horse Collar
14:33 Double-Bit Axe
21:28 Castle Age
22:39 Wheelbarrow
22:19 Bow Saw
22:10 Heavy Plow
23:22 Fervor
23:51 Hand Cart
23:47 Fletching
26:55 Bodkin Arrow
29:06 Padded Archer Armor
32:39 Imperial Age
32:34 Chemistry
32:02 Wagenburg Tactics
32:38 Scale Mail Armor
32:49 Forging
32:02 Pikeman
32:28 Arson
32:43 Squires
35:38 Conscription
37:08 Chain Mail Armor
37:28 Iron Casting
40:32 Two-Man Saw
41:07 Plate Mail Armor
41:37 Blast Furnace
40:38 Bracer
40:02 Elite Hussite Wagon
Çiftetelli oynayan duş başlığı
0:33 Loom
10:11 Feudal Age
10:06 Loom
15:06 Castle Age
14:57 Double-Bit Axe
15:47 Scale Barding Armor
19:44 Bloodlines
20:26 Forging
23:26 Chain Barding Armor
24:50 Husbandry
25:32 Iron Casting
27:36 Fletching
28:24 Bodkin Arrow
28:42 Horse Collar
32:08 Imperial Age
31:36 Bow Saw
31:30 Heavy Plow
33:51 Wheelbarrow
33:01 Town Watch
33:20 Gold Mining
33:21 Stone Mining
34:04 Crop Rotation
34:52 Hand Cart
34:38 Town Patrol
36:37 Blast Furnace
35:57 Bracer
37:01 Chemistry
36:22 Ballistics
39:21 Masonry
39:17 Siege Engineers
39:54 Plate Barding Armor
39:46 Elite Ballista Elephant
42:02 Double Crossbow
42:42 Light Cavalry
43:53 Conscription
Kırmızı Balık
0:25 Loom
10:47 Feudal Age
14:43 Castle Age
13:32 Double-Bit Axe
14:45 Horse Collar
23:36 Town Watch
26:18 Wheelbarrow
27:00 Ballistics
28:24 Stone Mining
28:25 Gold Mining
28:00 Crossbowman
30:27 Fletching
31:53 Gold Shaft Mining
31:29 Bow Saw
31:20 Heavy Plow
31:20 Bodkin Arrow
32:25 Hand Cart
36:33 Imperial Age
34:37 Padded Archer Armor
34:34 Murder Holes
35:32 Stone Shaft Mining
35:28 Scale Mail Armor
37:36 Forging
37:42 Chain Mail Armor
44:24 Chemistry
Connection lost

Rejoining the realm…

Still unreachable

The connection could not be restored.

Session expired

The server has moved on; the page needs a fresh start.